 Dungeon Crawl Stone Soup version 0.30-a0-694-g3340775977 (webtiles) character file.

Game seed: 14732273986345845736

26 krgfvk the Trooper (level 2, -1/27 HPs)
             Began as a Minotaur Fighter on Jan 20, 2023.
             Slain by a gnoll
             ... wielding a +0 whip
              (4 damage)
             ... on level 1 of the Dungeon.
             The game lasted 00:01:41 (725 turns).

krgfvk the Trooper (Minotaur Fighter)                Turns: 725, Time: 00:01:42

Health: -1/27      AC:  7    Str: 20    XL:     2   Next: 89%
Magic:  1/1        EV:  9    Int:  5    God:
Gold:   77         SH:  4    Dex:  9    Spells: 1/1 levels left

rFire   . . .      SeeInvis .    a - +0 war axe
rCold   . . .      Faith    .    c - +0 buckler
rNeg    . . .      Spirit   .    b - +0 scale mail
rPois   .          Reflect  .    (helmet restricted)
rElec   .          Harm     .    (no cloak)
rCorr   .          Rampage  .    (no gloves)
Will    .....                    (no boots) Stlth
                                 (no amulet)
HPRegen 0.24/turn                (no ring)
MPRegen 0.07/turn                (no ring)

@: no status effects
A: horns 2, retaliatory headbutt
a: no special abilities


You were on level 1 of the Dungeon.
You visited 1 branch of the dungeon, and saw 1 of its levels.

You collected 77 gold pieces.

Inventory:

Hand Weapons
 a - a +0 war axe (weapon)
Armour
 b - a +0 scale mail (worn)
 c - a +0 buckler (worn)
Scrolls
 f - a scroll of identify
Potions
 d - a potion of might


   Skills:
 + Level 4.0 Fighting
 + Level 2.8 Axes
 + Level 3.9 Armour
 + Level 1.0 Dodging
 + Level 3.9 Shields


You had one spell level left.
You didn't know any spells.
Your spell library was empty.

Dungeon Overview and Level Annotations

Branches:
Dungeon (1/15)

Altars:


Innate Abilities, Weirdness & Mutations

You have a pair of horns on your head.
You reflexively headbutt those who attack you in melee.


Message History

You closely miss the gnoll. You closely miss the ball python.
The ball python bites you but does no damage.
The ball python grabs you. The ball python constricts you.
The gnoll closely misses you. The gnoll hits you but does no damage.
The ball python bites you but does no damage.
The ball python constricts you.
Unknown command.
You closely miss the ball python. You headbutt the ball python.
You kill the ball python!
You hit the gnoll but do no damage. The gnoll hits you but does no damage.
The gnoll closely misses you.
Your Fighting skill increases to level 4!
Unknown command.
Unknown command.
You closely miss the gnoll. Your headbutt misses the gnoll.
You completely miss the gnoll.
The gnoll hits you from afar with a +0 spear!
The gnoll barely misses you. You furiously retaliate!
You headbutt the gnoll. The gnoll hits you but does no damage.
The gnoll hits you from afar with a +0 spear.
The gnoll closely misses you. The gnoll hits you but does no damage.
Unknown command.
You closely miss the gnoll.
The gnoll is lightly wounded.
You completely miss the gnoll. You closely miss the gnoll.
You closely miss the hobgoblin. The gnoll closely misses you.
You block the gnoll's attack. The hobgoblin hits you.
The gnoll hits you from afar with a +0 spear.
The gnoll hits you with a +0 whip.
The gnoll hits you from afar with a +0 spear.
* * * LOW HITPOINT WARNING * * *
Unknown command.
Unknown command.
You are too injured to fight recklessly!
Unknown command.
You are too injured to fight recklessly!
Unknown command.
Unknown command.
The gnoll attacks as you move away! The gnoll hits you with a +0 whip.
You die...

#...#.#.............#....#..#.#..
..#.#.#...###........#.#.##..#...
.##...#..............#.......##.#
....#.#...########....##..#......
##.##.#...#....* ##....#...##).#.
.#..#.#...#....#####.....#......#
.##.....).#..Bg#.#.8......##.....
.##...#...#..gggg.............#..
.#..#.#...#.bggg@.......##.##..#.
...##.#...#..gg#g#.8...).#...#...
..###.#...#..gg#####.......#.#...
.## #.#...#....* ##..##...###....
.####.#...########..#...#....#...
....#.#.................#.......#
..#...###########################
......)............##############
..#############..............†...


You could see 10 gnolls, a giant cockroach, 2 hobgoblins and a bat.

Vanquished Creatures
  A dart slug (D:1)
  4 ball pythons (D:1)
  3 endoplasms (D:1)
  A giant cockroach (D:1)
  5 goblins (D:1)
  A hobgoblin (D:1)
  A kobold (D:1)
  A bat (D:1)
  A frilled lizard (D:1)
  3 rats (D:1)
21 creatures vanquished.

Notes
Turn   | Place    | Note
-------+----------+-------------------------------------------
     0 | D:1      | krgfvk the Minotaur Fighter began the quest for the Orb.
     0 | D:1      | Reached XP level 1. HP: 19/19 MP: 0/0
    30 | D:1      | Found a large runed translucent door.
    30 | D:1      | Found a large runed translucent door.
    92 | D:1      | HP: 1/20 [kobold/+2 dagger of electrocution (18)]
   192 | D:1      | Reached XP level 2. HP: 27/27 MP: 1/1
   468 | D:1      | Reached skill level 1 in Dodging
   723 | D:1      | Reached skill level 4 in Fighting
   725 | D:1      | Slain by a gnoll

Illustrated notes

Levels and vault maps discovered:
D:1:      erik_arrival_cave_to_civilisation [erik_arrival_cave_to_temple],
          layout_rooms, kennysheep_minor_cross, minmay_tree_intersection,
          nicolae_concentric_dashed_squares_mild

Skill      XL: |  1  2 |
---------------+-------+-----
Dodging        | 1 |  1.0
Fighting       | 4 |  4.0
Axes           | |  2.8
Armour         | |  3.9
Shields        | |  3.9

Action                   || total
-------------------------++-------
Melee: War axe           ||    38
       Headbutt          ||     9
  Use: Scroll            ||     3
Armor: Scale mail        ||    20
Dodge: Dodged            ||    16
Block: Buckler           ||    11

Table legend: (Time is in decaauts)
 A = Elapsed time spent in this place.
 B = Non-inter-level travel time spent in this place.
 C = Inter-level travel time spent in this place.
 D = Time resting spent in this place.
 E = Time spent auto-exploring this place.
 F = Levels seen in this place.
 G = Mean time per level.
                   A        B        C        D        E       F      G
               +--------+--------+--------+--------+--------+-----+--------+
         Total |    740 |    740 |      0 |      0 |    602 |   1 |  740.0 |
       Dungeon |    740 |    740 |      0 |      0 |    602 |   1 |  740.0 |
               +--------+--------+--------+--------+--------+-----+--------+

Top non-repeatable levels by time:
     D:1: 740 daAuts
